AoeStats
← rafaelarpad

Migration

508864923Analyzed
1v1 RM · 7d ago on Sep 24, 2026· 61m 1s· 2 players
Game mode
Random Map
Map size
132×132
Population
200
Speed
Normal
Resources
Standard
Victory
Conquest
Starting age
Dark Age
Ending age
Imperial Age
RankedLock teamsTeams togetherTeam positionsShared explorationLock speedFull tech treeHidden civsTurbo modeCheats
Victory
Defeat
🇨🇭 Ethiopians · Switzerland
1015
+16
🇫🇷 Koreans · France
1020
-16
rafaelarpad
13:55 Feudal Age
14:31 Fishing Lines
16:00 Double-Bit Axe
18:39 Castle Age
17:25 Fletching
18:21 Scale Mail Armor
18:32 Forging
18:09 Man-at-Arms
18:40 Loom
18:58 Arson
18:56 Long Swordsman
21:34 Chain Mail Armor
21:56 Iron Casting
25:06 Medium Warships
25:07 Town Watch
26:02 Squires
26:00 Horse Collar
28:47 Wheelbarrow
30:49 Heavy Plow
33:04 Hand Cart
32:53 Stone Mining
32:55 Gold Mining
35:18 Bodkin Arrow
35:32 Scale Barding Armor
38:41 Imperial Age
37:16 Careening
37:17 Clinker Construction
37:29 Ballistics
38:42 Bow Saw
39:09 Gold Shaft Mining
40:07 Conscription
39:08 Elite Shotel Warrior
40:54 Heavy Warships
42:02 Dry Dock
42:49 Blast Furnace
43:28 Plate Mail Armor
44:28 Chemistry
48:22 Shipwright
50:55 Bracer
53:25 Padded Archer Armor
55:27 Masonry
55:23 Siege Engineers
60:15 Architecture
Bastos349454
10:14 Loom
12:31 Feudal Age
13:04 Double-Bit Axe
13:30 Fishing Lines
14:06 Fletching
16:08 Wheelbarrow
23:37 Castle Age
24:58 Bow Saw
25:15 Gillnets
30:07 Bodkin Arrow
31:45 Ballistics
31:21 Murder Holes
31:40 Clinker Construction
31:41 Careening
34:24 Gold Mining
39:39 Imperial Age
37:31 Medium Warships
41:46 Chemistry
41:02 Bracer
42:02 Heavy Warships
42:35 Arrowslits
43:39 Crossbowman
44:24 Thumb Ring
45:51 Scale Mail Armor
46:51 Carvel Hull
50:18 Hand Cart
49:49 Town Watch
53:11 Dry Dock
56:13 Block Printing
55:42 Elite Cannon Galleon
59:12 Town Patrol
Connection lost

Rejoining the realm…

Still unreachable

The connection could not be restored.

Session expired

The server has moved on; the page needs a fresh start.